 Dungeon Crawl Stone Soup version 0.32-a0-350-g4f4d228 (webtiles) character file.

Game seed: 8217702850561379931

336244 Anonymous1 the Gelid (level 20, -12/156 HPs)
             Began as a Demigod Conjurer on Feb 17, 2024.
             Mangled by a searing wretch (13 damage)
             ... led by Margery
             ... on level 3 of the Vaults.
             The game lasted 04:02:09 (71627 turns).

Anonymous1 the Gelid (Demigod Conjurer)            Turns: 71627, Time: 04:02:13

Health: -12/156    AC: 24    Str: 19    XL:     20   Next: 14%
Magic:  5/38       EV: 13    Int: 47    God:
Gold:   804        SH: 14    Dex: 14    Spells: 6/53 levels left

rFire   + . .        I - +12 lance "Wyrmbane" {slay drac, rPois rF+ rC+ AC+3}
rCold   + . .        W - +3 kite shield {AC+3}
rNeg    + . .        Q - +3 ring mail of Baldness {rPois MP-9 Int+7 Dex-2}
rPois   +            p - +0 hat "Rewkafa" {Int+5}
rElec   +            H - +2 cloak {Will+}
rCorr   .            t - +1 pair of gloves
SInv    .            P - +2 pair of boots {Stlth+}
Will    ++++.        V - amulet of Xedoheb {Faith rElec Str+3 Int+3}
Stlth   +++          L - ring of willpower
HPRegen 0.46/turn    c - ring of positive energy
MPRegen 0.26/turn

%: faith
@: about to teleport, invisible
A: high MP 1, forlorn, divine attributes, antennae 1, fangs 1, persistent drain
}: 2/15 runes: serpentine, barnacled
a: no special abilities


You were on level 3 of the Vaults.
You visited 8 branches of the dungeon, and saw 38 of its levels.
You also visited: Ossuary and Bailey.

You collected 6258 gold pieces.
You spent 5454 gold pieces at shops.

Inventory:

Hand Weapons
 I - the +12 lance "Wyrmbane" (weapon) {slay drac, rPois rF+ rC+ AC+3}
   (You took it off an orc in a bailey)

   AC+3:      It affects your AC (+3).
   rF+:       It protects you from fire.
   rC+:       It protects you from cold.
   rPois:     It protects you from poison
Missiles
 a - a throwing net
 E - 3 curare-tipped darts
Armour
 p - the +0 hat "Rewkafa" (worn) {Int+5}
   (You acquired it in a bailey)

   Int+5:     It affects your intelligence (+5).
 t - a +1 pair of gloves (worn)
 H - a +2 cloak of willpower (worn)
 P - a +2 pair of boots of stealth (worn)
 Q - the +3 ring mail of Baldness (worn) {rPois MP-9 Int+7 Dex-2}
   (You acquired it on level 3 of the Lair of Beasts)

   Int+7:     It affects your intelligence (+7).
   Dex-2:     It affects your dexterity (-2).
   rPois:     It protects you from poison MP-9: It affects your magic capacity
   (-9).
 W - a +3 kite shield of protection (worn)
Jewellery
 c - a ring of positive energy (right hand)
 k - a ring of see invisible
 n - the amulet of Etho Ach {Acrobat rN+ Int+2 Dex+4}
   (You bought it in a shop on level 4 of the Dungeon)

   [amulet of the acrobat]

   Acrobat:   It increases your evasion while moving and waiting.
   Int+2:     It affects your intelligence (+2).
   Dex+4:     It affects your dexterity (+4).
   rN+:       It protects you from negative energy.
 s - the ring "Zeumid" {rF+ rC+ Str+3}
   (You bought it in a shop on level 3 of the Snake Pit)

   [ring of protection from fire]

   Str+3:     It affects your strength (+3).
   rF+:       It protects you from fire.
   rC+:       It protects you from cold.
 L - a ring of willpower (left hand)
 N - the ring "Cytzill" {rF+ MP+9 Str+3 Slay+2}
   (You acquired it on level 1 of the Lair of Beasts)

   [ring of magical power]

   Str+3:     It affects your strength (+3).
   Slay+2:    It affects your accuracy & damage with ranged weapons and melee
   (+2).
   rF+:       It protects you from fire.
   MP+9:      It affects your magic capacity (+9).
 O - the ring "Ulebezad" {Fly rPois rF+}
   (You acquired it on level 1 of the Lair of Beasts)

   [ring of flight]

   rF+:       It protects you from fire.
   rPois:     It protects you from poison Fly: It grants you flight.
 V - the amulet of Xedoheb (around neck) {Faith rElec Str+3 Int+3}
   (You bought it in a shop on level 2 of the Snake Pit)

   [amulet of faith]

   Faith:     It allows you to gain divine favour quickly.
   Str+3:     It affects your strength (+3).
   Int+3:     It affects your intelligence (+3).
   rElec:     It insulates you from electricity.
Wands
 h - a wand of quicksilver (17)
 C - a wand of polymorph (10)
 G - a wand of paralysis (41)
 U - a wand of digging (1)
Scrolls
 f - a scroll of fear
 l - 5 scrolls of vulnerability
 m - 10 scrolls of teleportation
 o - 7 scrolls of identify
 r - 5 scrolls of poison
 x - 5 scrolls of blinking
 y - 9 scrolls of immolation
 F - 2 scrolls of revelation
 M - 5 scrolls of fog
 X - a scroll of silence
Potions
 b - 3 potions of magic
 d - 6 potions of heal wounds
 g - 5 potions of attraction
 j - 7 potions of enlightenment
 v - 22 potions of curing
 w - 9 potions of lignification
 z - 3 potions of might
 A - 2 potions of mutation
 B - a potion of ambrosia
 D - 4 potions of brilliance
 J - 2 potions of invisibility
 K - 4 potions of haste
 R - 2 potions of cancellation
 T - a potion of resistance
Miscellaneous
 e - a phantom mirror
 i - a condenser vane (inert)
 u - a lightning rod (4/4)


   Skills:
 + Level 8.3 Fighting
 - Level 12.3 Polearms
 + Level 8.0 Armour
 + Level 7.0 Dodging
 - Level 3.0 Stealth
 + Level 10.0 Shields
 + Level 17.3 Spellcasting
 - Level 11.3 Conjurations
 + Level 4.3 Hexes
 - Level 7.0 Summonings
 + Level 5.5 Necromancy
 * Level 17.3 Ice Magic
 - Level 4.4 Air Magic
 - Level 6.0 Alchemy


You had 6 spell levels left.
You knew the following spells:

 Your Spells              Type           Power      Damage    Failure   Level
a - Freezing Cloud        Conj/Ice/Air   49%        6-21      1%          5
b - Metabolic Englaciati  Hex/Ice        48%        N/A       1%          5
c - Ozocubu's Armour      Ice            100%       N/A       0%          3
d - Summon Lightning Spi  Summ/Air       76%        N/A       1%          4
e - Yara's Violent Unrav  Hex/Alch       37%        3d15      5%          5
f - Summon Mana Viper     Hex/Summ       76%        N/A       4%          5
g - Ozocubu's Refrigerat  Ice            58%        4d20      1%          7
h - Fugue of the Fallen   Necr           75%        N/A       1%          3
B - Blink                 Tloc           80%        N/A       2%          2
C - Swiftness             Air            70%        N/A       1%          3
S - Silence               Hex/Air        34%        N/A       8%          5

Your spell library contained the following spells:

 Spells                   Type           Power      Damage    Failure   Level
 Freeze                   Ice            100%       1d10      0%          1
 Magic Dart               Conj           100%       1d8       0%          1
 Frozen Ramparts          Ice            100%       1d16      0%          3
 Hailstorm                Conj/Ice       100%       3d16      0%          3
 Summon Small Mammal      Summ           100%       N/A       1%          1
 Call Imp                 Summ           100%       N/A       1%          2
 Mercury Vapours          Alch/Air       100%       N/A       1%          2
 Searing Ray              Conj           100%       2d8       1%          2
 Sublimation of Blood     Necr           75%        N/A       1%          2
 Call Canine Familiar     Summ           82%        N/A       1%          3
 Dazzling Flash           Conj/Hex       100%       N/A       1%          3
 Inner Flame              Hex/Fire       57%        N/A       1%          3
 Mephitic Cloud           Conj/Alch/Air  83%        N/A       1%          3
 Sigil of Binding         Hex            69%        N/A       1%          3
 Stone Arrow              Conj/Erth      100%       3d13      1%          3
 Summon Ice Beast         Ice/Summ       100%       N/A       1%          3
 Tukima's Dance           Hex            69%        N/A       1%          3
 Flame Wave               Conj/Fire      76%        2d17      1%          4
 Fulminant Prism          Conj/Alch      44%        3d19      1%          4
 Iskenderun's Mystic Bla  Conj/Tloc      76%        2d15      1%          4
 Olgreb's Toxic Radiance  Alch           78%        N/A       1%          4
 Sculpt Simulacrum        Ice/Alch       50%        N/A       1%          6
 Airstrike                Air            35%        2d(5-21)  2%          4
 Animate Armour           Summ/Erth      100%       N/A       3%          4
 Alistair's Intoxication  Alch           52%        N/A       3%          5
 Volatile Blastmotes      Fire/Tloc      80%        2d16      4%          3
 Leda's Liquefaction      Alch/Erth      31%        N/A       4%          4
 Petrify                  Alch/Erth      62%        N/A       4%          4
 Sticky Flame             Fire/Alch      62%        2d10      4%          4
 Dimensional Bullseye     Hex/Tloc       28%        N/A       7%          4
 Borgnjor's Vile Clutch   Necr/Erth      30%        N/A       14%         5
 Manifold Assault         Tloc           40%        N/A       16%         4
 Passage of Golubria      Tloc           40%        N/A       16%         4
 Eringya's Noxious Bog    Alch           39%        4d6       21%         6
 Starburst                Conj/Fire      38%        6d11      24%         6
 Monstrous Menagerie      Summ           41%        N/A       58%         7
 Summon Hydra             Summ           41%        N/A       58%         7
 Haunt                    Necr/Summ      39%        N/A       71%         7
 Malign Gateway           Summ/Tloc      32%        N/A       97%         7
 Summon Horrible Things   Summ           41%        N/A       99%         8
 Discord                  Hex            34%        N/A       100%        8
 Maxwell's Capacitive Co  Air            35%        ∞         100%        8
 Fire Storm               Conj/Fire      38%        8d10      100%        9


Dungeon Overview and Level Annotations

Branches:
Dungeon (15/15)            Temple (0/1) D:5            Lair (5/5) D:9
 Shoals (4/4) Lair:2        Snake (4/4) Lair:2        Slime (0/5) Lair:5
    Orc (2/2) D:12            Elf (3/3) Orc:2        Vaults (3/5) D:14
  Crypt (0/3) Vaults:2     Depths (2/4) D:15        Ossuary (visited)
 Bailey (visited)

Shops:
D:4 *((   D:12 ?   Orc:2 *([:   Elf:1 :   Elf:3 !   Snake:2 =::   Snake:3 =[:
Snake:4 *

Portals:
Hell: Depths:1
Ziggurat: Depths:1

Annotations:
Lair:5 2 transporters, yapang's ghost, journeyman DrIE
Shoals:1 Mlioglotl
Shoals:3 1 runed translucent door, Ucoub's ghost, adept FoHs
Elf:2 3 runed translucent doors, Roxanne
Vaults:3 Margery


Innate Abilities, Weirdness & Mutations

You have an increased reservoir of magic. (+10% MP)
You shall have no god before yourself.
Your divine heritage dramatically boosts your attributes as you level up.
You have a pair of small antennae on your head.
You have very sharp teeth.
Your health recovers twice as slowly from being drained.


Message History

You hear a sizzling sound!
You hear a shout!
You fade into invisibility!
The searing wretch is engulfed in freezing vapours.
The searing wretch barely misses you. You block the searing wretch's attack.
You puncture the searing wretch!
The searing wretch is moderately damaged.
You puncture the searing wretch!
The searing wretch is moderately damaged.
The searing wretch is engulfed in freezing vapours.
You block the searing wretch's attack. The searing wretch bites you!
You puncture the searing wretch!
The searing wretch is heavily damaged.
You hit the searing wretch but do no damage.
Your bite misses the searing wretch.
The searing wretch is heavily damaged.
Margery casts a spell at you.
You hear a sizzling sound!
The searing wretch is engulfed in freezing vapours.
The searing wretch claws you!!
You are engulfed in flames!
You resist.
The searing wretch bites you but does no damage.
A hell knight comes into view. It is wielding a +5 long sword.
You puncture the searing wretch!
The searing wretch is severely damaged.
The searing wretch is engulfed in freezing vapours.
The searing wretch claws you!!
You are engulfed in flames!
You resist.
* * * LOW HITPOINT WARNING * * *
The searing wretch bites you but does no damage.
The searing wretch is engulfed in freezing vapours.
Margery screams, "Nothing can help you."
Margery is engulfed in freezing vapours.
As you read the scroll of teleportation, it crumbles to dust.
You feel strangely unstable.
Margery points at you and mumbles some strange words.
The fireball explodes!
The fireball engulfs you!! You resist.
* * * LOW HITPOINT WARNING * * *
The fireball engulfs the searing wretch.
The searing wretch completely resists.
The searing wretch claws you!
* * * LOW HITPOINT WARNING * * *
You are engulfed in flames!
You resist.
You die...

.....#........# #p..#
.....#........# #...#
.....'........# #...#
.....#........# #...#
.....########## #...#
.....# #...# .....#
#...#
.....##############@..#
................@.....#
.................n....#
......................#
#######################


You could see Margery and a searing wretch (unable to see you).

Vanquished Creatures
  Sojobo (Depths:1)
  2 deep elf blademasters (Elf:3)
  3 deep elf master archers (Elf:3)
  A kraken (Shoals:1)
  2 tengu reavers (Depths:1)
  A nagaraja (Snake:3)
  A fire giant (Depths:1)
  5 deep elf sorcerers (Elf:3)
  A vault warden (Vaults:2)
  A frost giant (Depths:1)
  2 deep elf elementalists (Elf:3)
  8 very ugly things (Depths:1)
  8 ironbound preservers
  2 ironbound thunderhulks (Vaults:2)
  A stone giant (Depths:1)
  4 deep elf demonologists
  8 deep elf death magi (Elf:3)
  7 deep elf annihilators
  2 spark wasps (Depths:1)
  3 dire elephants (Vaults:1)
  A war gargoyle (Vaults:2)
  2 eidola (Vaults:2)
  7 merfolk impalers
  2 fire dragons (Depths:1)
  2 merfolk javelineers
  3 deep elf high priests (Elf:3)
  An entropy weaver (shapeshifter) (D:15)
  2 great orbs of eyes
  4 hydras
  2 merfolk avatars
  2 entropy weavers (Vaults:1)
  3 yaktaur captains
  Harold (D:9)
  A peacekeeper (Vaults:2)
  4 salamander tyrants (Snake:4)
  An ice dragon (Depths:1)
  3 rakshasas
  2 ogre magi
  3 catoblepae (Lair:5)
  6 centaur warriors
  5 boulder beetles
  5 ironbound frosthearts
  9 anacondas
  9 dancing weapons
  6 two-headed ogres
  A satyr (Shoals:3)
  5 death yaks (Lair:5)
  7 merfolk aquamancers
  10 naga warriors
  3 orc high priests
  2 vampire magi
  A deep troll shaman (Depths:1)
  9 naga sharpshooters
  2 occultists (D:15)
  8 hell knights
  12 deep elf knights
  4 skysharks
  9 shock serpents
  2 iron trolls (Depths:1)
  A salamander mystic (Snake:4)
  3 mana vipers
  10 sea snakes
  A glowing orange brain (Vaults:2)
  4 arcanists
  21 deep trolls
  3 spectral anacondas (Snake:1)
  4 anaconda zombies (Snake:1)
  15 deep elf archers
  4 bog bodies (Shoals:4)
  6 naga ritualists
  6 necromancers
  5 ironbound convokers (Vaults:2)
  11 lindwurms
  15 harpies
  5 orc knights
  An anaconda skeleton (Snake:1)
  19 deep elf pyromancers
  17 deep elf zephyrmancers
  4 orc sorcerers
  A shining eye (shapeshifter) (Elf:1)
  A sphinx simulacrum (Vaults:1)
  22 ugly things
  A shadow dragon skeleton (Vaults:2)
  10 manticores
  5 cyclopes
  8 fauns
  A tengu skeleton (Vaults:2)
  7 salamanders
  Maurice (D:7)
  33 black mambas
  A meliai (shapeshifter) (Elf:1)
  6 elephants
  4 water nymphs
  13 merfolk sirens
  2 meliai (D:15)
  11 vault sentinels
  16 naga magi
  A guardian serpent (Snake:3)
  A titan simulacrum (Depths:1)
  An ice statue (D:9)
  4 kobold blastminers (Orc:2)
  A torpor snail (Lair:5)
  4 cane toads
  A gargoyle (D:12)
  A yaktaur zombie (Vaults:2)
  A centaur skeleton (D:15)
  2 rime drakes
  3 kobold demonologists
  2 unseen horrors
  Jeremiah (D:6)
  2 anaconda simulacra (Snake:1)
  A komodo dragon (shapeshifter) (Elf:3)
  An efreet (D:15)
  8 komodo dragons
  2 tengu conjurers
  5 yaktaurs
  3 trolls
  A polar bear (Lair:3)
  25 merfolk
  5 wind drakes
  A wolf spider simulacrum (D:15)
  16 blink frogs
  14 dream sheep
  24 slime creatures
  9 snapping turtles
  An elf simulacrum (Vaults:2)
  2 shadows (D:9)
  18 water elementals
  2 air elementals
  5 wyverns
  A basilisk (shapeshifter) (D:13)
  5 fire elementals
  5 wraiths
  35 yaks
  5 basilisks
  A vampire mosquito (D:14)
  A steam dragon (D:9)
  A warg (Elf:1)
  4 redbacks (Vaults:1)
  Menkaure (D:5)
  A human zombie (Vaults:1)
  4 acid dragons
  32 nagas
  12 water moccasins
  An ice beast (D:7)
  Duvessa (D:7)
  A swamp drake (shapeshifter) (D:13)
  41 orc warriors
  A black bear (D:6)
  A laughing skull (Vaults:2)
  6 wolves (Lair:1)
  15 ogres
  2 centaurs
  4 kobold brigands
  10 bullfrogs
  A scorpion (D:4)
  4 earth elementals (Elf:1)
  Dowan (D:7)
  A burial acolyte (Ossuary)
  6 wights
  A howler monkey (D:9)
  5 bombardier beetles
  5 hounds
  3 jellies
  24 orc priests
  3 gnoll boudas
  A sleepcap (D:6)
  An iguana (D:4)
  19 orc wizards
  11 hell rats
  A mummy (Ossuary)
  Robin (D:2)
  10 gnolls
  12 adders
  3 shadow imps
  A nameless horror (D:15)
  2 ufetubi (D:5)
  A ribbon worm (D:3)
  3 dart slugs
  107 orcs
  10 endoplasms
  A giant cockroach (D:3)
  9 hobgoblins
  6 jackals
  16 kobolds
  3 quokkas
  8 ball pythons
  2 bats
  9 frilled lizards (D:4)
  10 gnoll skeletons (Ossuary)
  17 goblins
  4 kobold skeletons (Ossuary)
  6 orc skeletons (Ossuary)
  4 rats
  A spectral goblin (D:7)
  A fulminant prism (D:9)
  2 tentacles (Shoals:1)
1217 creatures vanquished.

Vanquished Creatures (collateral kills)
  Saint Roka (Orc:2)
  A deep elf master archer (Elf:3)
  A deep elf blademaster (Elf:3)
  Aizul (Snake:1)
  A nagaraja (Snake:4)
  A fire giant (Depths:1)
  A vault warden (Vaults:2)
  An orc warlord (Vaults:2)
  An ironbound preserver (Vaults:2)
  A formless jellyfish (Vaults:1)
  An ironbound thunderhulk (Vaults:1)
  Nessos (D:15)
  A deep elf demonologist (Elf:3)
  A deep elf death mage (Elf:1)
  3 merfolk impalers
  A great orb of eyes (Vaults:1)
  A hydra (D:14)
  A vault guard (Vaults:2)
  3 merfolk avatars
  A boulder beetle (D:15)
  A two-headed ogre (D:15)
  3 centaur warriors
  A dancing weapon (Elf:3)
  3 death yaks (Lair:5)
  4 naga warriors
  6 naga sharpshooters
  A shock serpent (Snake:1)
  An orc high priest (Orc:1)
  Nergalle (Orc:1)
  Sonja (Lair:4)
  4 spectral anacondas (Snake:1)
  2 skysharks (Shoals:2)
  An anaconda zombie (Snake:1)
  4 deep trolls
  A sea snake (shapeshifter) (Elf:2)
  A sea snake (Shoals:1)
  5 mana vipers
  An arcanist (Vaults:1)
  5 naga ritualists
  5 harpies
  A kraken simulacrum (Shoals:4)
  An ironbound convoker (Vaults:1)
  A deep elf zephyrmancer (Elf:2)
  2 necromancers
  2 anaconda skeletons (Snake:1)
  An orc knight (Orc:1)
  2 deep elf pyromancers
  3 ugly things
  A faun (Shoals:2)
  4 salamanders
  A manticore (Lair:5)
  A fire giant skeleton (Depths:1)
  A meliai (D:15)
  4 naga magi
  9 elephants
  7 black mambas
  A guardian serpent (Snake:3)
  2 water nymphs
  8 cane toads
  A centaur skeleton (D:15)
  5 komodo dragons
  A freezing wraith (D:14)
  A yaktaur skeleton (Vaults:2)
  3 anaconda simulacra (Snake:1)
  A harpy zombie (D:15)
  4 trolls
  7 merfolk
  A hornet (Lair:3)
  17 blink frogs
  3 snapping turtles (Shoals:4)
  A dream sheep (Lair:5)
  8 slime creatures
  2 water elementals (Shoals:4)
  A wyvern (Lair:3)
  23 yaks
  A warg (Orc:1)
  A vampire mosquito (D:14)
  A yaktaur simulacrum (Vaults:1)
  A spriggan simulacrum (Depths:1)
  9 nagas
  4 water moccasins
  9 orc warriors
  A black bear (Lair:2)
  4 ogres
  4 wolves (Lair:4)
  A centaur (D:9)
  A kobold brigand (D:14)
  3 bullfrogs
  An earth elemental (Elf:2)
  2 scorpions
  A wight (D:9)
  4 killer bees (D:8)
  A howler monkey (D:9)
  A nameless horror (D:15)
  A bombardier beetle (D:6)
  An orc priest (Orc:1)
  2 hounds (D:6)
  A sleepcap (D:6)
  An iguana (D:6)
  8 orc wizards
  2 gnolls (D:7)
  10 orcs
  A tentacle (Shoals:4)
283 creatures vanquished.

Vanquished Creatures (others)
  An anaconda skeleton (Snake:1)
  2 nagas
  131 fulminant prisms
  2 starspawn tentacles (Shoals:1)
  11 tentacles
147 creatures vanquished.

Grand Total: 1647 creatures vanquished

Notes
Turn   | Place    | Note
-------+----------+-------------------------------------------
     0 | D:1      | Anonymous1 the Demigod Conjurer began the quest for the
                  | Orb.
     0 | D:1      | Reached XP level 1. HP: 14/14 MP: 5/5
   295 | D:1      | Reached XP level 2. HP: 20/20 MP: 4/7
   326 | D:1      | Learned a level 2 spell: Searing Ray
  1082 | D:2      | Noticed Robin
  1259 | D:2      | Reached XP level 3. HP: 26/26 MP: 4/8
  1322 | D:2      | Killed Robin
  1694 | D:2      | Reached skill level 5 in Conjurations
  1694 | D:2      | Reached XP level 4. HP: 33/33 MP: 3/10
  1820 | D:2      | Learned a level 4 spell: Fulminant Prism
  2466 | D:3      | Reached XP level 5. HP: 38/38 MP: 5/12
  2880 | D:3      | Learned a level 3 spell: Hailstorm
  2898 | D:4      | Found Qewnomecs's Antique Weapon Shop.
  2975 | D:4      | Found a sand-covered staircase.
  2976 | D:4      | Noticed an ogre
  2986 | Ossuary  | Entered an ossuary
  3288 | Ossuary  | Reached XP level 6. HP: 29/45 MP: 7/14
  3571 | D:4      | Reached XP level 7. HP: 50/50 MP: 4/17
  3932 | D:4      | Reached skill level 5 in Spellcasting
  3994 | D:4      | Found Goexeum's Assorted Antiques.
  3999 | D:4      | Bought a brightly glowing amethyst amulet for 115 gold
                  | pieces
  3999 | D:4      | Identified the amulet of Etho Ach {Acrobat rN+ Int+2 Dex+4}
                  | (You bought it in a shop on level 4 of the Dungeon)
  3999 | D:4      | Bought a dark potion for 20 gold pieces
  4151 | D:4      | Found Mawnacir's Antique Weapon Boutique.
  4585 | D:4      | Reached XP level 8. HP: 57/57 MP: 16/20
  4954 | D:5      | Entered Level 5 of the Dungeon
  5258 | D:5      | Reached skill level 1 in Alchemy
  5521 | D:5      | Found a staircase to the Ecumenical Temple.
  5521 | D:5      | Noticed Menkaure
  5539 | D:5      | Killed Menkaure
  5749 | D:6      | Learned a level 4 spell: Iskenderun's Mystic Blast
  5753 | D:6      | Learned a level 3 spell: Summon Ice Beast
  6316 | D:6      | Learned a level 3 spell: Frozen Ramparts
  6437 | D:6      | Noticed Jeremiah
  6455 | D:6      | Killed Jeremiah
  6456 | D:6      | Reached skill level 1 in Ice Magic
  6656 | D:6      | Reached XP level 9. HP: 62/62 MP: 21/23
  7537 | D:7      | Noticed Maurice
  7544 | D:7      | Paralysed by Maurice for 3 turns
  7572 | D:7      | Paralysed by something for 4 turns
  7577 | D:7      | Killed Maurice
  7733 | D:7      | Noticed Dowan
  7795 | D:7      | Found a flagged portal.
  7801 | Bailey   | Entered a bailey
  8772 | Bailey   | Noticed an orc knight
  8776 | Bailey   | Killed an orc knight
  8777 | Bailey   | Reached XP level 10. HP: 69/69 MP: 8/27
  8919 | Bailey   | Acquired the +0 hat "Rewkafa" {Int+5}
  8932 | Bailey   | Acquired 1205 gold pieces
  9173 | D:7      | Noticed Duvessa
  9179 | D:7      | Killed Duvessa
  9183 | D:7      | Killed Dowan
  9905 | D:8      | Learned a level 6 spell: Sculpt Simulacrum
  9910 | D:8      | Reached skill level 1 in Polearms
 10763 | D:9      | Noticed an ice statue
 10863 | D:9      | Reached skill level 1 in Fighting
 11206 | D:9      | Noticed Harold
 11236 | D:9      | Killed Harold
 11237 | D:9      | Reached skill level 5 in Ice Magic
 11956 | D:9      | Reached XP level 11. HP: 79/79 MP: 20/29
 12054 | D:9      | Identified the +2 cloak of the Platytaur {*Slow Str+4 SInv}
 12119 | D:9      | Found a staircase to the Lair.
 12125 | D:9      | Identified the +4 war axe "Jucaogirr" {chaos, rElec rN+
                  | Stlth-}
 12423 | D:10     | Entered Level 10 of the Dungeon
 12755 | D:10     | Reached skill level 5 in Polearms
 13163 | Lair:1   | Entered Level 1 of the Lair of Beasts
 13395 | Lair:1   | Acquired the ring "Ulebezad" {Fly rPois rF+}
 13397 | Lair:1   | Acquired a +2 pair of boots of stealth
 13404 | Lair:1   | Acquired the ring "Cytzill" {rF+ MP+9 Str+3 Slay+2}
 13470 | Lair:1   | Learned a level 2 spell: Blink
 13526 | Lair:1   | Reached skill level 10 in Spellcasting
 13618 | Lair:1   | Reached skill level 1 in Armour
 13960 | Lair:1   | Noticed a boulder beetle
 13998 | Lair:1   | Killed a boulder beetle
 14321 | Lair:1   | Reached skill level 10 in Conjurations
 14793 | Lair:1   | Reached XP level 12. HP: 83/88 MP: 31/31
 14810 | Lair:1   | Acquired a book of Vapours
 14816 | Lair:1   | Learned a level 3 spell: Mephitic Cloud
 15531 | Lair:2   | Reached skill level 5 in Alchemy
 15590 | Lair:2   | Found a staircase to the Snake Pit.
 15952 | Lair:2   | Found a staircase to the Shoals.
 16675 | Lair:3   | Noticed a boulder beetle
 16750 | Lair:3   | Killed a boulder beetle
 17187 | Lair:3   | Reached XP level 13. HP: 87/93 MP: 27/33
 17325 | Lair:3   | Reached skill level 10 in Ice Magic
 17526 | Lair:3   | Identified the +1 robe of the Equator {*Corrode Will++
                  | Str+2}
 17775 | Lair:3   | Acquired the +3 ring mail of Baldness {rPois MP-9 Int+7
                  | Dex-2}
 18133 | Lair:4   | Noticed Sonja
 18147 | Lair:4   | Killed Sonja
 18272 | Lair:4   | You fall into a shaft and drop 1 floor!
 18272 | Lair:5   | Entered Level 5 of the Lair of Beasts
 18281 | Lair:5   | Found a runed translucent door.
 19079 | Lair:4   | Learned a level 5 spell: Freezing Cloud
 19335 | Lair:5   | Found a transporter.
 19368 | Lair:5   | Noticed yapang's ghost (journeyman DrIE)
 19426 | Lair:5   | Found a transporter.
 19527 | Lair:5   | Found a staircase to the Slime Pits.
 20513 | Lair:5   | Reached XP level 14. HP: 104/104 MP: 11/35
 21347 | D:11     | Got Uczisona's Book of the Mantle and Contamination
 21354 | D:11     | Learned a level 5 spell: Metabolic Englaciation
 21929 | D:12     | Reached skill level 1 in Shields
 22101 | D:12     | Found a staircase to the Orcish Mines.
 22113 | D:12     | Found Neliux's Magic Scroll Boutique.
 22127 | D:12     | Bought a scroll of identify for 28 gold pieces
 22127 | D:12     | Bought a scroll of identify for 28 gold pieces
 22127 | D:12     | Bought a scroll of blinking for 105 gold pieces
 22127 | D:12     | Bought a scroll of identify for 28 gold pieces
 22127 | D:12     | Bought a scroll of blinking for 105 gold pieces
 22127 | D:12     | Bought a scroll of revelation for 105 gold pieces
 22136 | D:12     | Gained mutation: You have a pair of small antennae on your
                  | head. [potion of mutation]
 22136 | D:12     | Gained mutation: You have very sharp teeth. [potion of
                  | mutation]
 22671 | Orc:1    | Entered Level 1 of the Orcish Mines
 22991 | Orc:1    | Noticed Nergalle
 22999 | Orc:1    | Killed Nergalle
 24069 | Orc:2    | Entered Level 2 of the Orcish Mines
 24475 | Orc:2    | Found Hoqyurewk's Book Shop.
 24480 | Orc:2    | Bought the Almanac of Incendiary Gases for 736 gold pieces
 24480 | Orc:2    | Bought a book of Winter for 544 gold pieces
 24486 | Orc:2    | Learned a level 3 spell: Ozocubu's Armour
 24490 | Orc:2    | Learned a level 3 spell: Swiftness
 25007 | Orc:2    | Found a staircase to the Elven Halls.
 25335 | Orc:2    | Noticed Saint Roka
 25861 | Orc:2    | Found Zumeph's Antique Weapon Boutique.
 25873 | Orc:2    | Found Oreavass's Antique Armour Shop.
 25957 | Orc:2    | Reached skill level 1 in Air Magic
 26014 | Orc:2    | Killed Saint Roka
 26413 | Orc:2    | Found Jugiceam's General Store.
 26418 | Orc:2    | Bought a scroll of identify for 28 gold pieces
 27862 | D:14     | Learned a level 4 spell: Summon Lightning Spire
 29167 | D:14     | Reached XP level 15. HP: 111/111 MP: 37/37
 29320 | D:14     | Found a gate to the Vaults.
 29604 | D:15     | Entered Level 15 of the Dungeon
 29626 | D:15     | Reached skill level 1 in Summonings
 30043 | D:15     | Reached skill level 5 in Armour
 30335 | D:15     | Reached skill level 5 in Shields
 30444 | D:15     | Noticed Nessos
 30461 | D:15     | Killed Nessos
 31187 | D:15     | Found a staircase to the Depths.
 31914 | Shoals:1 | Entered Level 1 of the Shoals
 32019 | Snake:1  | Entered Level 1 of the Snake Pit
 33382 | Snake:1  | Identified the serpent talisman of the Inviting Gods {rC++
                  | Will++ Dex-4}
 33382 | Snake:1  | Noticed Aizul
 33404 | Snake:1  | Killed Aizul
 33613 | Snake:1  | Reached skill level 5 in Fighting
 33723 | Snake:1  | Identified the +4 robe "Pafior" {rPois rF- Str+4}
 34815 | Snake:2  | Reached XP level 16. HP: 104/119 MP: 17/39
 35758 | Snake:2  | Found Zeekhlu's Jewellery Shop.
 35758 | Snake:2  | Found Buatych's Book Emporium.
 35759 | Snake:2  | Found Keevacw's Book Emporium.
 35769 | Snake:2  | Bought a book of Battle for 494 gold pieces
 35773 | Snake:2  | Learned a level 3 spell: Fugue of the Fallen
 35775 | Snake:2  | Bought the amulet of Xedoheb {Faith rElec Str+3 Int+3} for
                  | 1398 gold pieces
 35785 | Snake:2  | Upgraded the game from 0.32-a0-339-g5eddc7e to
                  | 0.32-a0-350-g4f4d228
 36060 | Snake:3  | Reached skill level 1 in Necromancy
 36588 | Snake:3  | Found Tiestrang's Jewellery Boutique.
 36592 | Snake:3  | Found Luunwaof's Antique Armour Shop.
 36593 | Snake:3  | Found Umutrinn's Book Boutique.
 37510 | Snake:3  | Reached skill level 5 in Summonings
 38592 | Snake:4  | Entered Level 4 of the Snake Pit
 40563 | Snake:4  | Identified the +1 scale mail "Trusted Companion" {Rampage
                  | rCorr SInv}
 40976 | Snake:4  | Reached skill level 10 in Polearms
 41393 | Snake:4  | Found Zoleadeo's General Store.
 41397 | Snake:4  | Bought a potion of heal wounds for 105 gold pieces
 41397 | Snake:4  | Bought a potion of might for 84 gold pieces
 41397 | Snake:4  | Bought a scroll of silence for 199 gold pieces
 42000 | Snake:4  | Got a serpentine rune of Zot
 42690 | Shoals:1 | Reached XP level 17. HP: 122/127 MP: 14/41
 43379 | Shoals:1 | Noticed Mlioglotl
 44036 | Shoals:1 | Reached skill level 5 in Dodging
 46511 | Shoals:2 | Identified the +3 sling "Qonojoih" {heavy, rC- Str+5}
 48363 | Shoals:3 | Reached skill level 15 in Ice Magic
 49040 | Shoals:3 | Found a runed translucent door.
 49396 | Shoals:3 | Noticed Ucoub's ghost (adept FoHs)
 49645 | Shoals:4 | Entered Level 4 of the Shoals
 50087 | Shoals:4 | Identified the +5 scale mail of Peek-a-Boo {^Drain rF+++
                  | Dex-3 Stlth+}
 50331 | Shoals:4 | Identified the +0 leather armour of Elyvilon's Scorn {rN+++
                  | Regen+ Str-2}
 51721 | Shoals:4 | Got a barnacled rune of Zot
 51810 | Shoals:4 | Identified the +5 mace of Misery {venom, Dex+3}
 52087 | Shoals:4 | Got Lamah's Atlas of Damaging Electricity
 53320 | Elf:1    | Entered Level 1 of the Elven Halls
 53326 | Elf:1    | Reached skill level 1 in Hexes
 53332 | Elf:1    | Reached XP level 18. HP: 137/137 MP: 4/42
 53373 | Elf:1    | Gained mutation: Your health recovers twice as slowly from
                  | being drained. [a shining eye]
 53705 | Elf:1    | Learned a level 5 spell: Silence
 53789 | Elf:1    | Reached skill level 15 in Spellcasting
 54246 | Elf:1    | Found Xunoiwno's Book Boutique.
 56281 | Elf:2    | Reached skill level 5 in Necromancy
 56405 | Elf:2    | Found a runed translucent gate.
 56480 | Elf:2    | Found a runed translucent gate.
 56484 | Elf:2    | Found a runed translucent gate.
 56495 | Elf:2    | Noticed Roxanne
 56842 | Elf:3    | Entered Level 3 of the Elven Halls
 57225 | Elf:3    | Found Enneb's Distillery.
 57229 | Elf:3    | Bought a potion of resistance for 100 gold pieces
 57231 | Elf:3    | Bought a potion of haste for 100 gold pieces
 57231 | Elf:3    | Bought a potion of might for 40 gold pieces
 58223 | Elf:3    | Identified the +10 scimitar "Jefut" {heavy, SInv}
 58223 | Elf:3    | Identified the +3 leather armour of Kikubaaqudgha's Esteem
                  | {Harm}
 58971 | Elf:3    | Identified the +0 glaive "Unkufauz" {drain, Dex+2}
 60022 | Elf:3    | Identified the +6 battleaxe of Moral Flaws {spect, Will+}
 61375 | Elf:3    | Identified the staff of Death {rC+ Str+2 Int+2 Ice}
 61379 | Elf:3    | Identified the staff of Responsibility {rElec Dex+3 Earth}
 61381 | Elf:3    | Got the Atlas of the Windy Inferno
 61383 | Elf:3    | Got the Volume of the Mob
 61404 | Elf:3    | Identified the staff "Wolesed" {rElec rC- rCorr Str+7 Int-2
                  | Air}
 61779 | D:14     | Learned a level 7 spell: Ozocubu's Refrigeration
 61787 | D:14     | Learned a level 5 spell: Summon Mana Viper
 61794 | D:14     | Learned a level 5 spell: Yara's Violent Unravelling
 61795 | Vaults:1 | Entered Level 1 of the Vaults
 62359 | Vaults:1 | Reached XP level 19. HP: 125/147 MP: 4/44
 65274 | Vaults:2 | Acquired 903 gold pieces
 65661 | Snake:3  | Bought the ring "Zeumid" {rF+ rC+ Str+3} for 815 gold
                  | pieces
 65665 | Snake:3  | Bought a pair of glowing gloves for 277 gold pieces
 66031 | Depths:1 | Entered Level 1 of the Depths
 66128 | Depths:1 | Found a one-way gateway to a ziggurat.
 68024 | Depths:1 | Found a gateway to Hell.
 68035 | Depths:1 | Noticed Sojobo
 68206 | Depths:1 | Killed Sojobo
 69077 | Vaults:2 | Found a staircase to the Crypt.
 70311 | Vaults:2 | Reached XP level 20. HP: 61/149 MP: 5/47
 71115 | Vaults:3 | Reached skill level 10 in Shields
 71570 | Vaults:3 | Noticed Margery
 71627 | Vaults:3 | HP: 1/156 [searing wretch[Margery] (13)]
 71627 | Vaults:3 | Mangled by a searing wretch

Illustrated notes

Levels and vault maps discovered:
D:1:      dpeg_arrival_oval, layout_loops_ring,
          shapermc_ecumenical_altar_mp_urbaneastern, minmay_pentomino_z2
D:2:      layout_basic, basic_altar, uniq_robin
D:3:      layout_rooms, okawaru_gym_becter, kennysheep_generic_room_7
D:4:      layout_rooms, mainiacjoe_overflow_catwalk_spiral, serial_shops,
          nicolae_shop_real_fake_doors, nicolae_shop_trees,
          nicolae_shop_hallway_plus, nicolae_ossuary_entry_monument,
          minmay_lizard_king
D:5:      layout_rooms, old_standard_altar, zin_academy,
          lemuel_temple_firewalk_b, grunt_decor_mini_mirrors, uniq_menkaure
D:6:      minmay_razor_zed, layout_basic, kennysheep_little_box,
          amcnicky_altar_gilded, uniq_jeremiah
D:7:      layout_basic, nicolae_hepliaklqana_monster_ancestors, enter_bailey_3,
          nicolae_grassy_gnolls, uniq_duvessa, uniq_maurice
D:8:      layout_loops_ring, lemuel_crystal_altar, hangedman_decor_riveting
D:9:      layout_irregular_city, erik_lair_dragon, minivault_16, uniq_harold
D:10:     layout_big_octagon, serial_park, serial_park_square1
          [serial_park_minivault_5x5_5], serial_park_avenue1,
          serial_park_square2
D:11:     layout_loops_ring
D:12:     layout_cave_pools, minmay_orc_entry_temple_small, serial_shops, shop
D:13:     layout_loops_ring
D:14:     layout_basic, hangedman_vaults_entry_quadrant_bands,
          nicolae_figureground_pulse
D:15:     grunt_enter_depths_magical_seal, layout_cave_pools,
          grunt_decor_one_mirror, uniq_nessos
Lair:1:   layout_chaotic_city, st_stairs_13, cheibrodos_lair_reptile_den
Lair:2:   layout_regular_city, nicolae_shoals_entry_flooding,
          alex1729_snake_entry_snake
Lair:3:   layout_roguey, grunt_megastairs_2
Lair:4:   layout_gridlike, uniq_sonja
Lair:5:   evilmike_catoblepas_cave, layout_misc_corridors, slime_entry_2,
          basic_altar, gammafunk_ghost_wrathful_warriors
Shoals:1: layout_shoals, nicolae_shoals_loop_pool, uniq_mlioglotl
Shoals:2: layout_shoals
Shoals:3: layout_shoals, ebering_ghost_inner_flame
Shoals:4: shoals_end_grunt_ice, layout_shoals, nicolae_shoals_secluded_bog
Snake:1:  layout_basic, basic_altar, grunt_ministairs_10,
          nicolae_snake_dead_anacondas, uniq_aizul
Snake:2:  layout_basic, minmay_shop_grove, lemuel_fruit_tree
Snake:3:  layout_chambers, minmay_shop_star
Snake:4:  snake_pit, layout_chambers, serial_shops, nicolae_shop_back_alley_shop
Orc:1:    nicolae_orc_accident_2, layout_caves, minmay_orc_temple_a,
          uniq_nergalle
Orc:2:    grunt_orc_community_town_hall, layout_diamond_mine,
          grunt_orc_community_big_house_2, grunt_orc_community_big_house_2,
          grunt_orc_community_house_1, grunt_orc_community_house_3,
          grunt_orc_community_house_3, grunt_orc_community_house_2,
          grunt_orc_community_house_2, grunt_orc_community_house_3
Elf:1:    layout_gridlike, serial_shops, shop, evilmike_minifort,
          grunt_megastairs_5, lemuel_upstairs_altar
Elf:2:    elven_hall_of_blades_hangedman_original
          [nicolae_blade_entry_floor_patterns], layout_rooms, uniq_azrael,
          uniq_roxanne
Elf:3:    minmay_elf_hall_statues, layout_geoelf_grid, serial_shops, shop,
          uniq_saint_roka
Vaults:1: nicolae_vaults_theta, nicolae_vaults_house_2, hangedman_vaults_pinch,
          ontoclasm_vaults_bender, v_misc_12, ontoclasm_vaults_ligature,
          vaults_room_hallway, layout_vaults_omnicross
Vaults:2: minmay_crypt_entry_simple_sparse, nicolae_vaults_an_arrangement,
          ontoclasm_vaults_gateway, vaults_room_pools,
          serial_library_hellmonk_open_cross, v_rooms_1,
          dpeg_vaults_monster_box, nicolae_vaults_hexular_roomagon,
          nicolae_vaults_offset_grid_hallway_1, ontoclasm_vaults_chip,
          nicolae_vaults_diamond_2, layout_vaults_omnibox
Vaults:3: nicolae_vaults_tetromino_L_1, nicolae_vaults_more_shelving_2,
          kb_rosetta, nicolae_vaults_oval_intersection,
          nicolae_vaults_closet_pinwheel_5, hangedman_vaults_capsules,
          vaults_dpeg_ring, v_pattern_2, v_misc_27, ontoclasm_vaults_eye,
          layout_vaults_omnigrid, uniq_margery
Depths:1: layout_roguey, enter_ziggurat_a, hell_entry, serial_bayou_pond_c,
          chequers_serial_rivers_micro_b, nicolae_qazlal_style_of_elements,
          uniq_sojobo
Depths:2: bobbens_index_wilting_gardens, layout_gridville,
          hangedman_coc_ice_floe, muffindrake_ghost_dead_mans_drink,
          rand_demon_pan_entry_8, serial_sigils, serial_sigils_hangedman_clutch,
          serial_sigils_hangedman_quiver, serial_sigils_hangedman_scratch,
          serial_sigils_hangedman_quiver

Skill      XL: |  1  2  3  4  5  6  7  8  9 10 11 12 13 14 15 16 17 18 19 20 |
---------------+-------------------------------------------------------------+-----
Conjurations   | 4 5 6 7 8 9 10 11 | 11.3
Spellcasting   | 2 3 4 5 7 8 9 10 11 12 13 14 15 17 | 17.3
Alchemy        | 2 3 4 5 6 |  6.0
Ice Magic      | 1 4 5 8 9 11 12 14 15 16 17 | 17.3
Polearms       | 4 5 6 7 8 9 10 12 | 12.3
Dodging        | 2 3 4 5 6 7 |  7.0
Fighting       | 1 2 4 5 6 7 8 |  8.3
Armour         | 1 2 3 4 5 6 7 8 |  8.0
Shields        | 4 6 7 8 9 10 | 10.0
Air Magic      | 3 4 |  4.4
Summonings     | 4 6 7 |  7.0
Necromancy     | 3 4 5 |  5.5
Hexes          | 1 3 4 |  4.3
Stealth        | 3 |  3.0

Action                     |  1- 3 |  4- 6 |  7- 9 | 10-12 | 13-15 | 16-18 | 19-21 || total
---------------------------+-------+-------+-------+-------+-------+-------+-------++-------
  Melee: Unarmed           |     1 |       |       |       |       |       |       ||     1
         Dagger            |       |    52 |    58 |       |       |       |       ||   110
         Lance             |       |       |       |   281 |   693 |  1637 |   637 ||  3248
         Bite              |       |       |       |       |    57 |   177 |   112 ||   346
  Throw: Dart              |       |       |       |       |     1 |       |       ||     1
   Cast: Magic Dart        |    64 |    72 |    77 |     6 |     1 |       |       ||   220
         Searing Ray       |     2 |    11 |    17 |     4 |       |       |       ||    34
         Hailstorm         |       |     5 |    21 |    37 |    16 |       |       ||    79
         Fulminant Prism   |       |       |    55 |    76 |     1 |       |       ||   132
         Summon Ice Beast  |       |       |    17 |    71 |    62 |    34 |       ||   184
         Frozen Ramparts   |       |       |    10 |    28 |     9 |       |       ||    47
         Iskenderun's Myst |       |       |     1 |    19 |    13 |    13 |       ||    46
         Blink             |       |       |       |     4 |     3 |     3 |     2 ||    12
         Sculpt Simulacrum |       |       |       |    16 |    43 |     3 |       ||    62
         Mephitic Cloud    |       |       |       |     4 |     6 |    17 |       ||    27
         Freezing Cloud    |       |       |       |       |   195 |   330 |    23 ||   548
         Metabolic Englaci |       |       |       |       |    45 |    68 |    12 ||   125
         Summon Lightning  |       |       |       |       |    43 |   103 |    14 ||   160
         Ozocubu's Armour  |       |       |       |       |    43 |   114 |    33 ||   190
         Swiftness         |       |       |       |       |     1 |     1 |       ||     2
         Fugue of the Fall |       |       |       |       |       |    66 |    13 ||    79
         Silence           |       |       |       |       |       |    25 |     5 ||    30
         Ozocubu's Refrige |       |       |       |       |       |     6 |    86 ||    92
         Summon Mana Viper |       |       |       |       |       |     5 |    28 ||    33
         Yara's Violent Un |       |       |       |       |       |       |    10 ||    10
  Evoke: Wand              |       |       |     1 |     3 |     2 |    11 |       ||    17
         Condenser vane    |       |       |       |       |       |     2 |     1 ||     3
         Lightning rod     |       |       |       |       |       |     4 |       ||     4
    Use: Scroll            |       |     3 |     7 |    14 |    23 |    15 |     4 ||    66
         Potion            |       |       |     1 |     1 |     3 |    12 |     2 ||    19
   Stab: Paralysed         |       |       |     3 |    19 |       |       |       ||    22
         Confused          |       |       |       |     2 |     3 |     9 |       ||    14
         Distracted        |       |       |       |     1 |    10 |    13 |     6 ||    30
         Sleeping          |       |       |       |     1 |     4 |     2 |     6 ||    13
         Invisible         |       |       |       |       |       |    12 |       ||    12
 Armour: Robe              |     5 |    26 |    43 |    53 |       |       |       ||   127
         Troll leather arm |       |       |       |    89 |    13 |       |       ||   102
         Ring mail         |       |       |       |       |   389 |   816 |   302 ||  1507
         Skin              |       |       |       |       |       |     4 |       ||     4
  Dodge: Dodged            |     5 |    49 |    70 |   115 |   179 |   303 |   124 ||   845
  Block: Kite shield       |       |       |       |       |   176 |   466 |   240 ||   882

Table legend: (Time is in decaauts)
 A = Elapsed time spent in this place.
 B = Non-inter-level travel time spent in this place.
 C = Inter-level travel time spent in this place.
 D = Time resting spent in this place.
 E = Time spent auto-exploring this place.
 F = Levels seen in this place.
 G = Mean time per level.
                   A        B        C        D        E       F      G
               +--------+--------+--------+--------+--------+-----+--------+
         Total |  70744 |  67841 |   2903 |  24066 |  30559 |  40 | 1768.6 |
       Dungeon |  19385 |  17972 |   1413 |   4513 |  10221 |  15 | 1292.3 |
          Lair |   8570 |   8109 |    461 |   2606 |   3735 |   5 | 1714.0 |
        Shoals |  10262 |  10053 |    209 |   3272 |   4969 |   4 | 2565.5 |
     Snake Pit |  10300 |   9968 |    332 |   3917 |   4434 |   4 | 2575.0 |
  Orcish Mines |   3858 |   3698 |    160 |   1090 |   1687 |   2 | 1929.0 |
   Elven Halls |   8025 |   7877 |    148 |   4052 |   1830 |   3 | 2675.0 |
        Vaults |   6166 |   6041 |    125 |   2410 |   2676 |   3 | 2055.3 |
        Depths |   2537 |   2484 |     53 |   1315 |    747 |   2 | 1268.5 |
       Ossuary |    502 |    502 |      0 |    176 |    132 |   1 |  502.0 |
        Bailey |   1137 |   1137 |      0 |    711 |    125 |   1 | 1137.0 |
               +--------+--------+--------+--------+--------+-----+--------+

Top non-repeatable levels by time:
   Elf:3: 4505 daAuts
 Snake:4: 3336 daAuts
Shoals:4: 3267 daAuts
 Snake:3: 2947 daAuts
Vaults:1: 2858 daAuts
Vaults:2: 2733 daAuts
   Elf:1: 2712 daAuts
Shoals:2: 2545 daAuts
Depths:1: 2536 daAuts
    D:14: 2472 daAuts
  Lair:2: 2372 daAuts
   Orc:2: 2325 daAuts
Shoals:1: 2287 daAuts
     D:9: 2236 daAuts
Shoals:3: 2162 daAuts
